Cogmind - Beta 16 *** ADVENTURER MODE // 2025.12.27 @ 17:59:18 Player: Joe Result: Destroyed by as-13018 with Assembled F-torch Performance ------------- Evolutions (0) 0 Regions Visited (4) 800 Robots Destroyed (25) 125 Value Destroyed (668) 668 Prototype IDs (25) 500 Alien Tech Used (0) 0 Bonus (406) 406 TOTAL SCORE: 2499 Bonus ------- Follower Combat Kills 106 Aligned with FarCom 300 Cogmind --------- Core Integrity 0/250 Matter 390/400 Energy 90/250 System Corruption 0% Temperature Hot (260) Movement Treading (320) Ox2 Location -9/Mines Parts ------- > --- POWER (1) -------- Ion Engine > --- PROPULSION (2) --- Light Treads > --- UTILITY (2) ------ High-capacity Storage Unit Medium Matter Pod > --- WEAPON (2) ------- Medium Laser Light Assault Rifle > --- INVENTORY (20) --- Light Ion Engine Improved Ion Engine Light Nuclear Core Heat Sink Heat Sink High-capacity Battery (250) Large Matter Pod (150) Structural Scanner Improved Targeting Computer Weapon Shielding EM Pulse Gun Small Laser Beam Cannon AWS/Autocannon Grenade Launcher Rocket Launcher Peak State ------------ > --- POWER ------------ Light Nuclear Core > --- PROPULSION ------- Light Treads Light Treads > --- UTILITY ---------- High-capacity Storage Unit Medium Matter Pod > --- WEAPON ----------- Medium Laser Light Assault Rifle > --- INVENTORY -------- Ion Engine Light Ion Engine Improved Ion Engine Light Nuclear Core Heat Sink High-capacity Battery Large Matter Pod Structural Scanner Improved Targeting Computer Weapon Shielding EM Pulse Gun Small Laser Beam Cannon AWS/Autocannon Grenade Launcher Rocket Launcher [Rating: 14] Favorites ----------- Power Ion Engine Engine Ion Engine Power Core Light Nuclear Core Propulsion Light Treads Treads Light Treads Utility Medium Matter Pod Storage Medium Matter Pod Weapon Assault Rifle Energy Gun Medium Laser Ballistic Gun Assault Rifle Build | -11 -10 -10 -10 -9 ------- Run | Yrd Mat Min Exi Min Slots Evolved . | . . . . . Power . | . . . . . Propulsion . | . . . . . Utility . | . . . . . Weapon . | . . . . . Parts Attached 16 | 6 5 1 3 1 Power 5 | 1 2 . 1 1 Engine 4 | 1 2 . . 1 Core 1 | . . . 1 . Reactor . | . . . . . Propulsion 3 | 2 1 . . . Treads 3 | 2 1 . . . Leg . | . . . . . Wheel . | . . . . . Hover . | . . . . . Flight . | . . . . . Utility 4 | 1 2 . 1 . Device . | . . . . . Storage 4 | 1 2 . 1 . Processor . | . . . . . Hackware . | . . . . . Protection . | . . . . . Artifact . | . . . . . Weapon 4 | 2 . 1 1 . Energy Gun 2 | 1 . 1 . . Energy Cannon . | . . . . . Ballistic Gun 2 | 1 . . 1 . Ballistic Cannon . | . . . . . Launcher . | . . . . . Special Weapon . | . . . . . Impact Weapon . | . . . . . Slashing Weapon . | . . . . . Piercing Weapon . | . . . . . Special Melee Weapon . | . . . . . Unidentified Prototypes . | . . . . . Parts Lost 3 | . . 1 . 2 Power 1 | . . . . 1 Propulsion 1 | . . . . 1 Utility . | . . . . . Weapon 1 | . . 1 . . Highest Loss Streak 2 | . . 1 . 2 To Critical Strikes . | . . . . . Average Backups 12 | 2 8 13 13 15 Power 3 | . 2 3 3 3 Propulsion . | . . 1 . . Utility 4 | . 2 4 4 6 Weapon 4 | . 3 4 5 5 Tool/Special . | . . . . . Unused Backups 22 | 1 3 2 1 15 Power 4 | . . 2 . 2 Propulsion 1 | 1 . . . . Utility 10 | . 2 . 1 7 Weapon 7 | . 1 . . 6 Tool/Special . | . . . . . Average Slot Usage (%) 98 | . 96 99 100 100 Engine 9 | . 14 14 4 . Core 4 | . . . 9 14 Treads 27 | . 27 28 28 28 Storage 27 | . 24 28 28 28 Energy Gun 13 | . 14 13 14 14 Ballistic Gun 14 | . 14 14 14 14 Peak Build Rating 14 | 6 8 9 13 14 Average Rating 9 | 5 7 8 11 13 On Entrance 7 | . 6 8 9 13 Avg Prop Armor Cover (%) . | . . . . . Naked Turns . | . . . . . Heaviest Build 50 | 13 30 31 50 50 Greatest Support 40 | 40 40 40 40 40 Greatest Overweight (x) 1 | . . . 1 1 Average Overweight (x) . | . . . . 1 Largest Inventory Capacity 20 | 8 15 15 20 20 Average Capacity 14 | 7 10 15 17 20 Most Carried 19 | 5 14 15 15 19 Average Carried 12 | 2 8 13 14 17 Final Capacity 20 | 8 15 15 20 20 Final Carried 18 | 2 13 15 15 18 Class Distribution -------------------- 100% | Mutant Dominant Class ---------------- Mutant | -10/Materials Mutant | -10/Mines Mutant | -10/Exiles Mutant | -9/Mines Resources | -11 -10 -10 -10 -9 ----------- Run | Yrd Mat Min Exi Min Matter Collected 654 | 242 217 110 40 45 Remotely . | . . . . . Salvage Created 878 | . 402 421 . 55 Parts 44 | . 22 21 . 1 Haulers Intercepted . | . . . . . Recyclers Shooed 1 | . . . . 1 Parts Field Recycled . | . . . . . Retrieved Matter . | . . . . . Parts Self-Destructed . | . . . . . Prevented . | . . . . . Parts Restored . | . . . . . Kills | -11 -10 -10 -10 -9 ------- Run | Yrd Mat Min Exi Min Combat Hostiles Destroyed 27 | . 10 13 . 4 Guns 27 | . 10 13 . 4 Classes Destroyed 4 | . 3 . . 1 Worker 1 | . 1 . . . Swarmer 10 | . 3 6 . 1 Grunt 14 | . 7 7 . . Assembled 3 | . . . . 3 Best Kill Streak 6 | . 3 6 . 3 Combat Bots Only 6 | . 3 6 . 3 Max Kills in Single Turn 2 | . 1 2 . 1 Gunslinging 1 | . . 1 . . Exploded . | . . . . . Melee . | . . . . . Uniques/NPCs Destroyed . | . . . . . Combat | -11 -10 -10 -10 -9 -------- Run | Yrd Mat Min Exi Min Hostile Shots Fired 188 | . 61 71 . 56 Missed 65 | . 20 25 . 20 Hits 123 | . 41 46 . 36 Melee 3 | . . . . 3 Projectile 120 | . 41 46 . 33 Critical Strikes 3 | . 3 . . . Part Disruptions 1 | . . . . 1 Damage Taken 1150 | . 396 368 . 386 Core 253 | . 52 109 . 92 Absorbed by Shields . | . . . . . Ignored by Resistances 349 | . 121 115 . 113 Regen/Repaired (Parts) 206 | . 206 . . . Core Remaining (%) 100 | 100 . . . . Volleys Fired 83 | . 34 35 . 14 Largest 2 | . 2 2 . 2 Hottest 70 | . 60 70 . 70 Shots Fired 154 | . 68 58 . 28 Gun 154 | . 68 58 . 28 Cannon . | . . . . . Launcher . | . . . . . Special . | . . . . . Kinetic 83 | . 34 35 . 14 Thermal 71 | . 34 23 . 14 Explosive . | . . . . . Electromagnetic . | . . . . . Robot Hit Streak 12 | . 9 12 . 6 Robot Miss Streak 5 | . 2 3 . 5 Penetration Max . | . . . . . Secondary Targets 8 | . 3 2 . 3 Max Gunslinging Chain 1 | . 1 1 . 1 Shots Hit Robots 111 | . 48 46 . 17 Core Hits 59 | 1 21 24 . 13 Critical Kills . | . . . . . Critical Parts Destroyed . | . . . . . Critical Strikes . | . . . . . Melee Attacks . | . . . . . Impact . | . . . . . Slashing . | . . . . . Piercing . | . . . . . Sneak Attacks . | . . . . . Combat Hostiles . | . . . . . Follow-up Attacks . | . . . . . Damage Inflicted 1393 | 9 587 563 . 234 Guns 1339 | . 572 548 . 219 Cannons . | . . . . . Explosions . | . . . . . Melee . | . . . . . Ramming 54 | 9 15 15 . 15 Kinetic 705 | . 294 331 . 80 Thermal 634 | . 278 217 . 139 Explosive . | . . . . . Electromagnetic . | . . . . . Impact . | . . . . . Slashing . | . . . . . Piercing . | . . . . . Highest Corruption . | . . . . . Average Corruption . | . . . . . Corruption Purged . | . . . . . Corruption Blocked . | . . . . . Overload Shots . | . . . . . Overflow Damage . | . . . . . Projectiles . | . . . . . Explosions . | . . . . . Melee . | . . . . . Knockbacks . | . . . . . Impact . | . . . . . Kinetic . | . . . . . Secondary . | . . . . . Self-Inflicted Damage . | . . . . . Shots . | . . . . . Rammed 11 | 1 4 3 . 3 Targets Rammed 11 | 1 4 3 . 3 Kicked . | . . . . . Crushed . | . . . . . Highest Temperature 260 | . 132 117 . 260 Average Temperature 57 | . 49 46 . 87 Received Heat Transfer 556 | . 276 180 . 100 Siege Activations . | . . . . . Martial Activations . | . . . . . Shielding Activations . | . . . . . Robots Disrupted . | . . . . . Combat Hostiles . | . . . . . Robots Corrupted . | . . . . . Combat Hostiles . | . . . . . Parts Fried . | . . . . . Impact Corruptions . | . . . . . Robots Melted . | . . . . . Combat Hostiles . | . . . . . Parts Melted . | . . . . . Heat Transferred 1591 | . 625 559 . 407 Parts Sabotaged . | . . . . . Parts Stolen . | . . . . . Parts Stripped . | . . . . . Power Chain Reactions . | . . . . . Alert | -11 -10 -10 -10 -9 ------- Run | Yrd Mat Min Exi Min Maximum Alert Level . | . . . . . Low Security (%) 100 | 100 100 100 . 100 Level 1 . | . . . . . Level 2 . | . . . . . Level 3 . | . . . . . Level 4 . | . . . . . Level 5 . | . . . . . High Security . | . . . . . Max Security . | . . . . . Peak Influence 130 | . 60 130 . 74 Initial . | . . . . . Average 15 | . 11 20 . 16 Influence Increases 783 | . 288 320 . 175 Destroy 0b10 Robot/C 600 | . 200 260 . 140 Destroy 0b10 Robot/NC 5 | . 5 . . . Destroy Leader 120 | . 40 60 . 20 Allied During Kill 9 | . . . . 9 Successful Hack 49 | . 43 . . 6 Influence Decreases 783 | . 288 320 . 175 Time Decay 772 | . 288 320 . 164 Lost Ally 11 | . . . . 11 Squads Dispatched . | . . . . . Investigation . | . . . . . Extermination . | . . . . . Reinforcement . | . . . . . Assault . | . . . . . Garrison . | . . . . . Intercept . | . . . . . Searches Triggered . | . . . . . Construction Impeded . | . . . . . Haulers Reinforced . | . . . . . Active Scanning Responses . | . . . . . Cargo Convoy Interrupts . | . . . . . Stealth | -11 -10 -10 -10 -9 --------- Run | Yrd Mat Min Exi Min Distress Signals 1 | . 1 . . . Communications Jammed . | . . . . . Distress Signals . | . . . . . Times Spotted 51 | . 18 13 . 20 Peak Tracking Total 11 | . 3 4 . 11 Tactical Retreats 2 | . . . . 2 Traps | -11 -10 -10 -10 -9 ------- Run | Yrd Mat Min Exi Min Traps Triggered . | . . . . . Indirectly . | . . . . . Trap Hack Attempts . | . . . . . Triggered . | . . . . . Disarmed 7 | . 7 . . . Reprogrammed . | . . . . . Reused . | . . . . . Traps Extracted . | . . . . . Installed . | . . . . . Triggered . | . . . . . Machines | -11 -10 -10 -10 -9 ---------- Run | Yrd Mat Min Exi Min Machines Disabled . | . . . . . Max in Single Turn . | . . . . . Machines Repaired . | . . . . . Machines Dismantled . | . . . . . Machines Sabotaged . | . . . . . Overloaded Fab Kills . | . . . . . Hacking | -11 -10 -10 -10 -9 --------- Run | Yrd Mat Min Exi Min Machines Accessed 15 | . 9 . 5 1 Terminals 9 | . 8 . . 1 Fabricators . | . . . . . Repair Stations 1 | . 1 . . . Recycling Units . | . . . . . Scanalyzers . | . . . . . Garrison Access . | . . . . . Total Hacks 86 | . 33 . 50 3 Successful 81 | . 28 . 50 3 Failed 5 | . 5 . . . Catastrophic 1 | . 1 . . . Database Lockouts . | . . . . . Manual 1 | . . . 1 . Terminals 32 | . 29 . . 3 Fabricators . | . . . . . Repair Stations 4 | . 4 . . . Recycling Units . | . . . . . Scanalyzers . | . . . . . Garrison Access . | . . . . . Terminal Hacks 77 | . 24 . 50 3 Record 53 | . 4 . 49 . Robot Analysis 1 | . 1 . . . Prototype ID Bank 1 | . 1 . . . Level Access Points 1 | . 1 . . . Emergency Access Points 2 | . 2 . . . Alert Level 4 | . 4 . . . Locate Traps 1 | . 1 . . . Disarm Traps 2 | . 2 . . . Dispatch Records 1 | . 1 . . . Maintenance Status 1 | . 1 . . . Security Status 1 | . 1 . . . Transport Status 1 | . 1 . . . Investigation Status 1 | . . . . 1 Recall Investigation 1 | . . . . 1 Hauler Manifests 1 | . 1 . . . Registered Components 1 | . 1 . . . Zone Layout 3 | . 2 . . 1 Proto ID Catalog 1 | . . . 1 . Fabricator Hacks . | . . . . . Repair Station Hacks 4 | . 4 . . . Scan Component 2 | . 2 . . . Repair 2 | . 2 . . . Recycling Unit Hacks . | . . . . . Scanalyzer . | . . . . . Garrison Access Hacks . | . . . . . Unauthorized Hacks . | . . . . . Terminals . | . . . . . Fabricators . | . . . . . Repair Stations . | . . . . . Recycling Units . | . . . . . Scanalyzers . | . . . . . Garrison Access . | . . . . . Data Cores Recovered . | . . . . . Used . | . . . . . Hacking Detections 7 | . 6 . . 1 Full Trace Events 1 | . 1 . . . Feedback Events . | . . . . . Feedback Blocked . | . . . . . Robot Schematics Acquired . | . . . . . Robots Built . | . . . . . Authchips . | . . . . . Time . | . . . . . Total Robot Build Rating . | . . . . . Part Schematics Acquired . | . . . . . Parts Built . | . . . . . Authchips . | . . . . . Time . | . . . . . Total Part Build Rating . | . . . . . Part Studies Acquired . | . . . . . Parts Repaired 2 | . 2 . . . Time 52 | . 52 . . . Parts Recycled . | . . . . . Recycled Matter . | . . . . . Retrieved Matter . | . . . . . Retrieved Components . | . . . . . Parts Scanalyzed . | . . . . . Part Schematics Acquired . | . . . . . Parts Damaged . | . . . . . Bothacking | -11 -10 -10 -10 -9 ------------ Run | Yrd Mat Min Exi Min Used RIF Installer . | . . . . . Robots Hacked . | . . . . . Non-combat . | . . . . . Combat . | . . . . . Robot Hacks Applied . | . . . . . Relay Couplers Released . | . . . . . Fabnet Peak Effective % . | . . . . . Robots Rewired . | . . . . . Allies Hacked . | . . . . . Hacks Repelled . | . . . . . Allies | -11 -10 -10 -10 -9 -------- Run | Yrd Mat Min Exi Min Total Allies 3 | . . 3 . . Largest Group 3 | . . 3 3 3 Highest-Rated Group 40 | . . 40 40 40 Highest-Rated Ally 16 | . . 16 16 16 Total Orders . | . . . . . Ally Attacks 36 | . . . . 36 Total Damage 431 | . . . . 431 Kills 6 | . . . . 6 Allies Corrupted . | . . . . . Allies Melted . | . . . . . Intel | -11 -10 -10 -10 -9 ------- Run | Yrd Mat Min Exi Min Active Infowar (turns) . | . . . . . Robot Analysis Total 1 | . 1 . . . Derelict Logs Recovered 2 | . . 1 . 1 Drone Launches . | . . . . . Drone Recoveries . | . . . . . Exploration | -11 -10 -10 -10 -9 ------------- Run | Yrd Mat Min Exi Min Turns Passed 4708 | 264 1144 1449 1082 769 Spaces Moved 2381 | 115 586 832 549 299 Core 9 | 9 . . . . Treads 2372 | 106 586 832 549 299 Legs . | . . . . . Wheels . | . . . . . Hover . | . . . . . Flight . | . . . . . Fastest Speed 50 | 50 160 160 160 240 Average Speed 177 | 151 160 160 194 240 Slowest Speed 240 | 160 160 160 240 240 Overloaded Moves . | . . . . . Propulsion Burnouts . | . . . . . Robots Hopped . | . . . . . Potential Cave-ins . | . . . . . Cave-ins Triggered . | . . . . . Exploration Rate (%) 68 | 7 93 98 93 53 Regions Visited 4 Branch Regions 3 Pre-discovered Areas 1 | . . . 1 . Known Exits Taken . | . . . . . Unknown Exits Taken 4 | 1 1 1 1 . Scrap Searched 1 | . . 1 . . Spaces Dug . | . . . . . Terrain Destroyed . | . . . . . Melee . | . . . . . Projectile . | . . . . . AOE . | . . . . . Terrain Rammed . | . . . . . Walls Destroyed . | . . . . . Machines Disabled . | . . . . . Actions | -11 -10 -10 -10 -9 --------- Run | Yrd Mat Min Exi Min Total 2707 | 205 725 892 564 321 Wait 159 | 74 70 15 . . Move 2377 | 114 585 831 548 299 Hop . | . . . . . Pick Up 41 | 9 20 5 3 4 Fast Attach . | . . . . . Attach 11 | 6 3 1 . 1 Detach . | . . . . . Swap 7 | . 3 . 4 . Drop 14 | 1 6 2 5 . Fire 83 | . 34 35 . 14 Melee . | . . . . . Ram . | . . . . . Kick . | . . . . . Crush 11 | 1 4 3 . 3 Escape Stasis . | . . . . . Rewire 4 | . . . 4 . Trap . | . . . . . Miscellaneous . | . . . . . Route ------- -11/Scrapyard -10/Materials (discovered 4 exits: *Mat x3 / [*Min]) -10/Mines (discovered 3 exits: *Mat x2 / *Exi) -10/Exiles (discovered 2 exits: *Min x2) -9/Mines (discovered 2 exits: [*Mat x2]) History --------- Turn | Location | Event 21 | -11/Scrapyard | Discovered new exit (range 15) 265 | -11/Scrapyard | Entered Materials 304 | -10/Materials | Build established: Mutant 434 | -10/Materials | Discovered new exit (range 8) 728 | -10/Materials | Discovered new exit (range 5) 1154 | -10/Materials | Identified exit to Materials 1269 | -10/Materials | Repaired Lgt. Treads 1296 | -10/Materials | Repaired Lgt. Treads 1352 | -10/Materials | Discovered new exit (range 9) 1409 | -10/Materials | Entered Mines 1622 | -10/Mines | Deemed a non-threat by the Exiles lab entrance 1622 | -10/Mines | Discovered new exit (range 5) 1728 | -10/Mines | Learned Materials machine intel 2201 | -10/Mines | Discovered exit to Materials (range 9) 2215 | -10/Mines | Core integrity fell below 50% 2493 | -10/Mines | Received a Rocket Launcher from a helpful Derelict 2645 | -10/Mines | Discovered exit to Materials (range 6) 2654 | -10/Mines | Assisted by bots powering up and referring to "LRC-V3" 2858 | -10/Mines | Entered Exiles 2858 | -10/Exiles | Accompanied by 3 allies 2881 | -10/Exiles | Discovered new exit (range 15) 2922 | -10/Exiles | Met 8R-AWN 2954 | -10/Exiles | Met EX-HEX 3037 | -10/Exiles | Met EX-BIN 3064 | -10/Exiles | Aligned with FarCom system 3066 | -10/Exiles | Given EX-Vault access code 3141 | -10/Exiles | Opened EX-Vault 3166 | -10/Exiles | Found AWS/Autocannon 3204 | -10/Exiles | Warned to stay clear of 0b10 Research branches 3260 | -10/Exiles | Met EX-DEC 3274 | -10/Exiles | Learned location of Zion (-7) 3478 | -10/Exiles | Visited The Gauntlet 3914 | -10/Exiles | Discovered new exit (range 10) 3940 | -10/Exiles | Left Exiles lab with AWS/Autocannon 3940 | -10/Exiles | Entered Mines 3940 | -9/Mines | Accompanied by 3 allies 3940 | -9/Mines | Discovered new exit (range 11) 3974 | -9/Mines | Discovered new exit (range 11) 4155 | -9/Mines | YI-UF0 nonchalantly dropped a Grenade Launcher on the ground 4263 | -9/Mines | Learned Materials garrison access intel 4665 | -9/Mines | Assembled infested the area 4670 | -9/Mines | Assisted by a Guerilla fighting off Assembled 4681 | -9/Mines | Found a Scrap Suit stashed away for nefarious purposes 4701 | -9/Mines | Core integrity fell below 20% 4709 | -9/Mines | Destroyed by as-13018 with Assembled F-torch Last Messages --------------- this to the hideout, the fools near Old Recycling think they can use this tech to beat 0b10 one day, and now we just have to find a way to safely deliver this to MAIN.C to get on their good side and convince them to let us into the system." 04689_ Trooper 1b destroyed. 04689_ as-52653 destroyed. 04689_ Switching to secondary target: as-06640. 04694_ as-44747 destroyed. 04698_ Destroyed Asb. Hover Unit. 04700_ as-35269 destroyed. 04700_ Switching to secondary target: as-70131. 04702_ K-01 Serf collects debris. 04706_ as-70131 destroyed. 04706_ Switching to secondary target: as-28537. 04706_ Trooper 1a destroyed. 04707_ K-01 Serf collects debris. 04708_ Lgt. Treads destroyed. 04708_ Lgt. Nuclear Core destroyed. Map ----- +----------------------------------------------------+ | ???????????????????????????????????????????? | | ???????????????????????????????????????????? | | ???????????????????????????????????????????? | | ???????????????????????????????????????????? | | ???????????????????????????????????????????? | | ???????????????????????????????????????????? | | ???????????????????????????????????????????? | | ???????????????????????????????????????????? | | ???????????????????????????????????????????? | | ???????????????????????????????????????????? | | ??????????????????????###??????????????????? | | ?????????????????????? ??????????????????? | | ?????????????????????? ??????????????????? | | ??????????????????????# #??????????????????? | | ??????????????????????# #??????????????????? | | ??????????????????????# #??????????????##### | | ??????????????????????# #??????????????# | | ??????????????????????# ##?????????????# ### | | ?????????????????????## ##????????????# #?? | | ????????????????????## ##???????????# #?? | | ???????????????????## ##??????????# #?? | | ??????????????????## ############ ### | | ?????????????????## r | | ????????????????## k | | ???????????????## ## ## ######### | | ???????????????# @ #### ### #???????# | | ???????????????# %!% #??# ##?# ###?????# | | ???????????????## aa ##??# ##??# #?????# | | ????????????????##a ###???# ##???### #?????# | | ?????????????????# #?????# #??????# #?????# | | ?????????????????# #?????# #??????#%#?????# | | ?????????????????# ?C??? #??????# #?????? | | ?????????????????#a #?????##???????# #?????? | | ?????????????????# #??????????????# #?????? | | ?????????????????# ???????????????# #?????? | | ?????????????????# a???????????????# #?????? | | ?????????????????#a ???????????????# #?????? | | ????????????????? ?????????????### ###???? | | ????????????????? ?????????????# #???? | | ?????????????????###?????????????# ##???? | | ?????????????????????????????????### ##????? | | ????????????????????????????????????#??????? | | ???????????????????????????????????????????? | | ???????????????????????????????????????????? | | ???????????????????????????????????????????? | | ???????????????????????????????????????????? | | ???????????????????????????????????????????? | | ??????????????????????????????????????????## | | ???????????????????????????????????????#?## | | ???????????????????????????????????????#?# | +----------------------------------------------------+ Best States ------------- Heat Dissipation 25 Energy Generation 14 Energy Capacity 250 Matter Stores 400 Matter Capacity 400 Sight Range 16 Terrain Scan Density 10 Resistance: KI 20 Resistance: TH 20 Resistance: EX 20 Resistance: EM 20 Resistance: I 20 Resistance: S 20 Resistance: P 20 Evasion (%) 50 Recoil Reduction 2 Offensive Hacking 10 Item Schematics ----------------- None Robot Schematics ------------------ None Fabricated ------------ Nothing Repaired ---------- Lgt. Treads | 22% | -10/Materials Lgt. Treads | 30% | -10/Materials Studied --------- None Alien Tech Used ----------------- None Achievements -------------- Sixth Sense Challenges ------------ None Game ------ Seed EnhancedLongswordTether Manual? 0 Play Time 00:18:01 Cumulative 315.1 hours Start 2025.12.23 @ 15:30:48 End 2025.12.27 @ 17:59:18 Sessions 3 Manual Loads 0 Difficulty Adventurer Special Mode None Game No. 72 Rogue 0 Adventurer 72 Explorer 0 Win Type - Total 1 Types 0/0/0/1/0/0/0/0/0/0 Lore% 53 Gallery% 59 Achievement% 43 Wizard Run 0 Options --------- Layout 1 ASCII 0 Keyboard 0 Movement Numpad Keybinds 0 Fullscreen 1 Font 24/Smallcaps Map View 50x35 Zoom Use 0% Tactical HUD 1 Map Filters NONE Filters NONE Steam 0 RUN: 054e61f6-ef76-4877-bbfa-16253149f688